 Dungeon Crawl Stone Soup version 0.32-a0-422-g28b100f618 (webtiles) character file.

Game seed: 15048373338654974684

12082 snarfax the Severer (level 11, -5/80 HPs)
             Began as a Coglin Gladiator on Feb 21, 2024.
             Was an Elder of Elyvilon.
             Slain by Snorg (11 damage)
             ... on level 12 of the Dungeon.
             The game lasted 00:30:14 (6142 turns).

snarfax the Severer (Coglin Gladiator)              Turns: 6142, Time: 00:30:16

Health: -5/80      AC: 21    Str: 19    XL:     11   Next: 87%
Magic:  1/3        EV:  7    Int: 10    God:    Elyvilon [****..]
Gold:   684        SH:  5    Dex: 16    Spells: 10/10 levels left

rFire   . . .        o - +6 broad axe (antimagic) {Londisizwe}
rCold   + . .        a - +1 war axe {Yuxuan}
rNeg    . . .        K - +0 plate armour
rPois   +            c - +1 helmet
rElec   .            J - +0 cloak "Tuamnerust" {Regen+ Dex+3}
rCorr   .            N - +0 pair of gloves
SInv    +            (no boots)
Will    .....        f - amulet of reflection Stlth
                     u - ring of see invisible
HPRegen 1.13/turn    y - ring of the Last Heavens {rPois rC+ AC+4 Int+3 Dex-3}
MPRegen 0.08/turn

%: reflection
@: revving
A: off-hand wielding, slow wielding, warmup strikes, legs shutdown
a: Renounce Religion, Purification, Heal Other, Heal Self


You were on level 12 of the Dungeon.
You worshipped Elyvilon.
Elyvilon was greatly pleased with you.
You visited 1 branch of the dungeon, and saw 12 of its levels.
You visited the Abyss 1 time.
You also visited: Ossuary and Bailey.

You collected 684 gold pieces.

Inventory:

Hand Weapons
 a - a +1 war axe (offhand) {Yuxuan}
 n - a +0 dagger of flaming
 o - a +6 antimagic broad axe (weapon) {Londisizwe}
Missiles
 b - 6 atropa-tipped darts
 d - 3 throwing nets
 e - 4 javelins
 r - 26 poisoned darts
 z - 21 boomerangs (quivered)
Armour
 c - a +1 helmet (worn)
 q - a +2 cloak
 J - the +0 cloak "Tuamnerust" (worn) {Regen+ Dex+3}
   (You acquired it on level 8 of the Dungeon)

   Dex+3:     It affects your dexterity (+3).
   Regen+:    It increases your rate of health regeneration.
 K - a +0 plate armour (worn)
 N - a +0 pair of gloves (worn)
Jewellery
 f - an amulet of reflection (around neck)
 u - a ring of see invisible (left grasper)
 v - a +6 ring of intelligence
 y - the ring of the Last Heavens (right grasper) {rPois rC+ AC+4 Int+3 Dex-3}
   (You acquired it on level 7 of the Dungeon)

   [ring of protection]

   AC+4:      It affects your AC (+4).
   Int+3:     It affects your intelligence (+3).
   Dex-3:     It affects your dexterity (-3).
   rC+:       It protects you from cold.
   rPois:     It protects you from poison
Wands
 F - a wand of acid (6)
 I - a wand of charming (16)
 L - a wand of polymorph (6)
Scrolls
 g - a scroll of enchant weapon
 i - 4 scrolls of fear
 k - 4 scrolls of amnesia
 t - a scroll of teleportation
 w - 3 scrolls of fog
 D - 2 scrolls of vulnerability
 E - a scroll of revelation
Potions
 h - 3 potions of haste {unknown}
 j - 7 potions of curing
 l - a potion of berserk rage {unknown}
 m - 2 potions of heal wounds
 p - 2 potions of enlightenment
 s - a potion of ambrosia
 x - 3 potions of brilliance {unknown}
 A - a potion of attraction {unknown}
 B - 2 potions of resistance {unknown}
 C - 2 potions of lignification {unknown}
 G - 2 potions of invisibility {unknown}
 H - a potion of might {unknown}


   Skills:
 + Level 5.4 Fighting
 * Level 16.2 Axes
 - Level 1.7 Throwing
 + Level 5.3 Armour
 - Level 5.0 Dodging


You had 10 spell levels left.
You didn't know any spells.
Your spell library contained the following spells:

 Spells                   Type           Power      Damage    Failure   Level
 Shock                    Conj/Air       0%         1d3       100%        1
 Swiftness                Air            0%         N/A       100%        3
 Airstrike                Air            0%         2d(0-16)  100%        4
 Iskenderun's Battlesphe  Conj           0%         2d6       100%        5
 Bombard                  Conj/Erth      0%         9d1       100%        6
 Spellforged Servitor     Conj/Summ      0%         N/A       100%        7


Dungeon Overview and Level Annotations

Branches:
Dungeon (12/15)            Temple (0/1) D:7            Lair (0/5) D:8
Ossuary (visited)          Bailey (visited)
    Orc: D:9-12

Altars:
Ashenzari
Cheibriados
Elyvilon
Fedhas
Kikubaaqudgha
Qazlal
Ru
Sif Muna
Trog
Uskayaw
Vehumet
Yredelemnul

Shops:
D:7 :

Annotations:
D:12 Snorg


Innate Abilities, Weirdness & Mutations

You can wield a second weapon in your off-hand.
It takes a long time for you to wield or remove held weapons.
Your first few attacks do less damage.
Attacking and casting redirects power from your legs.


Message History

You slice Snorg with your +6 antimagic broad axe!!
Snorg bites you! Snorg claws you. Snorg claws you but does no damage.
You hit Snorg but do no damage.
Snorg is moderately wounded.
You hit Snorg with your +6 antimagic broad axe.
Snorg bites you! Snorg claws you but does no damage. x2
The deep elf pyromancer gestures wildly while chanting.
The deep elf pyromancer blinks!
You slash Snorg with your +6 antimagic broad axe!
Snorg is moderately wounded.
You hit the fire elemental with your +6 antimagic broad axe.
You barely miss Snorg with your +1 war axe.
You hit the fire elemental with your +1 war axe.
Snorg closely misses you. Snorg claws you but does no damage. Snorg claws you.
Snorg bites you! Snorg claws you! Snorg closely misses you.
You block the fire elemental's attack.
You hit Snorg with your +6 antimagic broad axe.
Snorg is moderately wounded.
You slash the fire elemental with your +6 antimagic broad axe!
You barely miss Snorg with your +1 war axe.
You completely miss the fire elemental with your +1 war axe.
Snorg bites you but does no damage. Snorg closely misses you. Snorg claws you.
You barely miss Snorg with your +6 antimagic broad axe.
Snorg is moderately wounded.
You slash the fire elemental with your +6 antimagic broad axe!
You hit Snorg with your +1 war axe.
You closely miss the fire elemental with your +1 war axe.
You block the fire elemental's attack. Snorg bites you but does no damage.
Snorg claws you!
* * * LOW HITPOINT WARNING * * *
Snorg claws you!
* * * LOW HITPOINT WARNING * * *
You are healed.
You are no longer unable to travel.
The fire elemental hits you. The fire elemental burns you!
* * * LOW HITPOINT WARNING * * *
Snorg misses you. Snorg claws you!
* * * LOW HITPOINT WARNING * * *
Snorg claws you!
You die...

### .... ...#
##########...##
...............
...............
.......@E§.....
.......T.°°....
...........e...
...............
.............$.
...../.........
######.........
#.........


You could see Snorg (berserk), a deep elf pyromancer and a fire elemental
(summoned).

Vanquished Creatures
  Erolcha (D:11)
  2 thrashing horrors (Abyss:2)
  A sixfirhy (Abyss:2)
  An orc knight (Bailey)
  Maurice (D:7)
  2 large abominations (Abyss:2)
  A dire elephant skeleton (Abyss:2)
  2 kobold demonologists (D:10)
  An unseen horror (D:11)
  A freezing wraith (Abyss:2)
  A hydra zombie (Abyss:2)
  A troll (D:8)
  Prince Ribbit (D:8)
  A vampire (D:10)
  2 wyverns
  5 yaks (D:10)
  A ynoxinul (Abyss:2)
  A steam dragon (D:6)
  3 water moccasins
  2 acid dragons
  2 black bears
  5 orc warriors
  An ogre (D:4)
  8 centaurs
  A phantom (D:6)
  A kobold brigand (D:8)
  5 bullfrogs
  A weeping skull (Ossuary)
  3 elf zombies (Ossuary)
  2 gnoll sergeants
  2 scorpions
  5 wights (D:8)
  2 killer bees (D:8)
  2 howler monkeys
  A centaur zombie (Ossuary)
  2 hounds
  3 bombardier beetles
  Crazy Yiuf (D:2)
  5 orc priests
  3 jellies
  2 human zombies (Ossuary)
  A gnoll bouda (D:8)
  An iguana (D:6)
  A sleepcap (D:7)
  11 orc wizards
  2 crocodile zombies (Ossuary)
  3 hound zombies (Ossuary)
  3 mummies (Ossuary)
  9 adders
  10 gnolls
  A shadow imp (D:7)
  A white imp (D:7)
  An adder zombie (Ossuary)
  6 dart slugs
  2 ribbon worms
  25 orcs
  6 endoplasms
  2 giant cockroaches
  2 gnoll zombies (Ossuary)
  9 goblins
  7 hobgoblins
  6 jackals
  A quokka (D:3)
  3 ball pythons
  5 ball python zombies (Ossuary)
  7 bats
  2 frilled lizards
  3 jackal zombies (Ossuary)
  28 kobolds
  6 kobold zombies (Ossuary)
  An orc zombie (Ossuary)
  A rat (D:3)
254 creatures vanquished.

Vanquished Creatures (collateral kills)
  A yak (D:10)
1 creature vanquished.

Grand Total: 255 creatures vanquished

Notes
Turn   | Place    | Note
-------+----------+-------------------------------------------
     0 | D:1      | snarfax the Coglin Gladiator began the quest for the Orb.
     0 | D:1      | Reached XP level 1. HP: 16/16 MP: 1/1
    99 | D:1      | Reached XP level 2. HP: 21/22 MP: 2/2
   270 | D:1      | Reached XP level 3. HP: 27/28 MP: 3/3
   611 | D:1      | Found a faded altar of an unknown god.
   860 | D:2      | Reached skill level 1 in Armour
   874 | D:2      | Reached XP level 4. HP: 32/34 MP: 4/4
   911 | D:2      | Found a runed translucent door.
   912 | D:2      | Noticed Crazy Yiuf
   918 | D:2      | Killed Crazy Yiuf
  1246 | D:3      | Reached skill level 4 in Axes
  1335 | D:3      | Reached XP level 5. HP: 41/41 MP: 5/5
  1569 | D:3      | Found a stormy altar of Qazlal.
  1570 | D:3      | Found a white marble altar of Elyvilon.
  1574 | D:3      | Became a worshipper of Elyvilon the Healer
  1801 | D:4      | Reached XP level 6. HP: 48/48 MP: 6/6
  1930 | D:4      | Found a basalt altar of Yredelemnul.
  1954 | D:4      | Reached skill level 5 in Axes
  2060 | D:4      | Reached * piety under Elyvilon
  2607 | D:5      | Entered Level 5 of the Dungeon
  2630 | D:5      | Reached XP level 7. HP: 55/55 MP: 7/7
  2652 | D:5      | Found a hide-covered altar of Uskayaw.
  2680 | D:5      | Found a sacrificial altar of Ru.
  2767 | D:5      | Reached ** piety under Elyvilon
  2899 | D:5      | Identified a scroll of acquirement
  2899 | D:5      | Acquired a +3 antimagic broad axe
  3063 | D:6      | Reached skill level 5 in Fighting
  3144 | D:6      | Noticed a steam dragon
  3146 | D:6      | Reached skill level 6 in Axes
  3146 | D:6      | Reached XP level 8. HP: 62/62 MP: 2/8
  3277 | D:6      | Found a blossoming altar of Fedhas.
  3430 | D:6      | Found a snail-covered altar of Cheibriados.
  3571 | D:6      | Reached *** piety under Elyvilon
  3689 | D:7      | Found Rosoutag's Book Shoppe.
  3732 | D:7      | Reached skill level 7 in Axes
  3760 | D:7      | Reached skill level 5 in Dodging
  3808 | D:7      | Found a sand-covered staircase.
  3813 | Ossuary  | Entered an ossuary
  3892 | Ossuary  | Reached skill level 8 in Axes
  3892 | Ossuary  | Reached XP level 9. HP: 67/68 MP: 3/9
  4052 | Ossuary  | Reached skill level 5 in Armour
  4154 | D:7      | Reached skill level 9 in Axes
  4187 | D:7      | Acquired the ring of the Last Heavens {rPois rC+ AC+4 Int+3
                  | Dex-3}
  4194 | D:7      | Found a staircase to the Ecumenical Temple.
  4216 | D:7      | Found a flagged portal.
  4230 | Bailey   | Entered a bailey
  4240 | Bailey   | Noticed an orc warlord
  4316 | Bailey   | Noticed an orc knight
  4332 | Bailey   | Killed an orc knight
  4333 | Bailey   | Reached skill level 10 in Axes
  4341 | Bailey   | Found a runed translucent gate.
  4341 | Bailey   | Found a runed translucent gate.
  4341 | Bailey   | Found a runed translucent gate.
  4559 | D:7      | Found a bloodstained altar of Trog.
  4596 | D:7      | Found a radiant altar of Vehumet.
  4606 | D:7      | Noticed Maurice
  4614 | D:7      | Killed Maurice
  4615 | D:7      | Reached skill level 11 in Axes
  4615 | D:7      | Reached XP level 10. HP: 73/74 MP: 0/10
  4749 | D:8      | Found a broken altar of Ashenzari.
  4774 | D:8      | Noticed Prince Ribbit
  4781 | D:8      | Reached skill level 12 in Axes
  4793 | D:8      | Killed Prince Ribbit
  4830 | D:8      | Reached **** piety under Elyvilon
  4854 | D:8      | Found a staircase to the Lair.
  4896 | D:8      | Reached skill level 13 in Axes
  5176 | D:8      | Acquired the +0 cloak "Tuamnerust" {Regen+ Dex+3}
  5284 | D:9      | Found a shimmering blue altar of Sif Muna.
  5351 | D:10     | Entered Level 10 of the Dungeon
  5473 | D:10     | Noticed a kobold demonologist
  5474 | D:10     | Noticed a kobold demonologist
  5485 | D:10     | Killed a kobold demonologist
  5488 | D:10     | Killed a kobold demonologist
  5527 | D:10     | Found an ancient bone altar of Kikubaaqudgha.
  5597 | D:10     | Reached skill level 14 in Axes
  5622 | D:10     | Reached XP level 11. HP: 76/79 MP: 3/11
  5733 | D:11     | Noticed Erolcha
  5738 | Abyss:2  | Cast into level 2 of the Abyss (Erolcha)
  5771 | Abyss:2  | Noticed a thrashing horror
  5780 | Abyss:2  | Killed a thrashing horror
  5781 | Abyss:2  | Reached skill level 15 in Axes
  5804 | Abyss:2  | Noticed a sixfirhy
  5822 | Abyss:2  | Killed a sixfirhy
  5861 | Abyss:2  | Noticed a large abomination
  5877 | Abyss:2  | Noticed a large abomination
  5883 | Abyss:2  | Killed a large abomination
  5894 | Abyss:2  | Noticed a thrashing horror
  5895 | Abyss:2  | Noticed a large abomination
  5898 | Abyss:2  | Killed a large abomination
  5908 | Abyss:2  | Killed a thrashing horror
  5961 | Abyss:2  | Reached skill level 16 in Axes
  5984 | D:11     | Escaped the Abyss
  5988 | D:11     | Killed Erolcha
  6130 | D:12     | Noticed Snorg
  6130 | D:12     | Noticed a deep elf pyromancer
  6142 | D:12     | Slain by Snorg

Illustrated notes

Levels and vault maps discovered:
D:1:      wander_arrival_desolate, layout_basic,
          hellmonk_ecumenical_altar_prayer_group
D:2:      layout_rooms, corexii_corridor_pit, uniq_crazy_yiuf_cottage
D:3:      layout_rooms, nicolae_overflow_squiral, minmay_misc_feat_cross
D:4:      layout_layer_cave, mainiacjoe_overflow_24_doors, uniq_duvessa
D:5:      layout_basic, mainiacjoe_overflow_concentric_impassable,
          nicolae_uskayaw_dance_hall
D:6:      layout_rooms, mainiacjoe_overflow_alcove_1, slow_altar_2,
          kennysheep_decorative_pillar, minmay_splitting_lines
D:7:      layout_rooms, lemuel_doored_altar, nicolae_overflow_crystal_walls,
          minmay_temple_entry_gardened_gates, enter_ossuary_2, enter_bailey_2,
          serial_shops, shop, hex_tiny, uniq_maurice
D:8:      hangedman_cross_stitches, layout_cave_pools,
          cheibrodos_ashenzari_chains, dpeg_oklobed_lair,
          nicolae_diode_quadrants, uniq_prince_ribbit1
D:9:      layout_basic, chequers_temple_overflow_statue_of_worship,
          mainiacjoe_overflow_catwalk
D:10:     layout_cave_pods, mainiacjoe_overflow_small_starburst, enter_trove_2,
          minivault_19, uniq_erica, uniq_lodul
D:11:     layout_cave_pools, minmay_orc_entry_temple_small,
          hangedman_corner_corridor, uniq_erolcha
D:12:     layout_long_grid, special_room [special_room_bee], serial_demonic,
          serial_demonic_f, serial_demonic_b, serial_demonic_c,
          serial_demonic_b, serial_demonic_b, uniq_kirke, uniq_snorg

Skill      XL: |  1  2  3  4  5  6  7  8  9 10 11 |
---------------+----------------------------------+-----
Dodging        | 3 4 5 |  5.0
Armour         | 1 2 3 4 5 |  5.3
Fighting       | 3 4 5 |  5.4
Axes           | 4 5 6 8 11 14 16 | 16.2
Throwing       | |  1.7

Action                     |  1- 3 |  4- 6 |  7- 9 | 10-12 || total
---------------------------+-------+-------+-------+-------++-------
  Melee: War axe           |    44 |    73 |   180 |   192 ||   489
         Long sword        |    41 |    70 |    17 |       ||   128
         Broad axe         |       |       |   173 |   201 ||   374
  Throw: Dart              |       |     3 |    12 |     7 ||    22
         Javelin           |       |       |     2 |       ||     2
         Boomerang         |       |       |    16 |    24 ||    40
 Invoke: Heal Self         |       |       |     2 |     2 ||     4
         Purification      |       |       |       |     2 ||     2
  Evoke: Wand              |       |       |       |     1 ||     1
    Use: Scroll            |       |     7 |    14 |     3 ||    24
         Potion            |       |       |       |     2 ||     2
   Stab: Distracted        |       |       |       |     1 ||     1
 Armour: Leather armour    |    23 |       |       |       ||    23
         Scale mail        |    14 |    63 |   130 |    96 ||   303
         Plate armour      |       |       |       |   124 ||   124
  Dodge: Dodged            |    30 |    45 |    84 |   101 ||   260
  Block: Other             |    14 |    21 |    47 |    53 ||   135
         Reflection        |     1 |       |     4 |     6 ||    11

Table legend: (Time is in decaauts)
 A = Elapsed time spent in this place.
 B = Non-inter-level travel time spent in this place.
 C = Inter-level travel time spent in this place.
 D = Time resting spent in this place.
 E = Time spent auto-exploring this place.
 F = Levels seen in this place.
 G = Mean time per level.
                   A        B        C        D        E       F      G
               +--------+--------+--------+--------+--------+-----+--------+
         Total |   6164 |   5924 |    240 |     27 |   4152 |  15 |  410.9 |
       Dungeon |   5354 |   5114 |    240 |     27 |   3836 |  12 |  446.2 |
         Abyss |    239 |    239 |      0 |      0 |    115 |   1 |  239.0 |
       Ossuary |    327 |    327 |      0 |      0 |    200 |   1 |  327.0 |
        Bailey |    242 |    242 |      0 |      0 |      1 |   1 |  242.0 |
               +--------+--------+--------+--------+--------+-----+--------+

Top non-repeatable levels by time:
     D:4: 840 daAuts
     D:6: 700 daAuts
     D:1: 646 daAuts
     D:2: 591 daAuts
     D:3: 548 daAuts
     D:8: 482 daAuts
     D:7: 446 daAuts
     D:5: 430 daAuts
 Ossuary: 327 daAuts
    D:10: 310 daAuts
  Bailey: 242 daAuts
 Abyss:2: 239 daAuts
    D:11: 210 daAuts
     D:9: 135 daAuts
    D:12: 11 daAuts
